 Dungeon Crawl Stone Soup version 0.30-a0-743-gbfdf073431 (webtiles) character file.

Game seed: 5252911815004691349

4 cheesebisquit the Digger (level 1, 0/10 HPs)
             Began as a Gargoyle Earth Elementalist on Feb 7, 2023.
             Slain by a giant cockroach (2 damage)
             ... on level 1 of the Dungeon.
             The game lasted 00:00:32 (76 turns).

cheesebisquit the Digger (GrEE)                       Turns: 76, Time: 00:00:32

Health: 0/10       AC:  4    Str: 11    XL:     1   Next: 60%
Magic:  1/3        EV: 11    Int: 15    God:
Gold:   9          SH:  0    Dex: 10    Spells: 3/4 levels left

rFire   . . .      SeeInvis .    (no weapon)
rCold   . . .      Faith    .    (no shield)
rNeg    + . .      Spirit   .    a - +0 robe
rPois   ∞          Reflect  .    (no helmet)
rElec   +          Harm     .    (no cloak)
rCorr   .          Rampage  .    (no gloves)
Will    .....                    (no boots)
Stlth   ++                       (no amulet)
HPRegen 0.21/turn                (no ring)
MPRegen 0.08/turn                (no ring)

@: no status effects
A: sickness immunity, AC +2, negative energy resistance 1, electricity
resistance, torment resistance 1, petrification resistance
a: no special abilities


You were on level 1 of the Dungeon.
You visited 1 branch of the dungeon, and saw 1 of its levels.

You collected 9 gold pieces.

Inventory:

Armour
 a - a +0 robe (worn)
Potions
 b - a potion of magic
 c - a potion of curing {unknown}


   Skills:
 - Level 1.5 Dodging
 - Level 2.1 Stealth
 + Level 2.1 Spellcasting
 - Level 0.7 Transmutations
 * Level 3.9 Earth Magic


You had 3 spell levels left.
You knew the following spells:

 Your Spells              Type           Power      Damage    Failure   Level
a - Sandblast             Erth           26%        2d8       4%          1

Your spell library contained the following spells:

 Spells                   Type           Power      Damage    Failure   Level
 Passwall                 Tmut/Erth      6%         N/A       13%         2
 Stone Arrow              Conj/Erth      14%        3d7       30%         3
 Petrify                  Tmut/Erth      8%         N/A       63%         4


Dungeon Overview and Level Annotations

Branches:
Dungeon (1/15)

Altars:


Innate Abilities, Weirdness & Mutations

You are immune to sickness and miasma.
Your stone body is resilient. (AC +2)
You are immune to poison.
You resist negative energy. (rN+)
You are resistant to electric shocks. (rElec)
You are resistant to unholy torment.
You are immune to petrification.


Message History

The endoplasm is heavily wounded.
The endoplasm barely misses you.
The giant cockroach completely misses you.
You hit the endoplasm.
The endoplasm is severely wounded.
The endoplasm jiggles.
The endoplasm hits you but does no damage.
The giant cockroach misses you.
You hit the endoplasm but do no damage.
The endoplasm is severely wounded.
The giant cockroach bites you. The endoplasm closely misses you.
You hit the endoplasm but do no damage.
The endoplasm is severely wounded.
The giant cockroach bites you but does no damage.
The endoplasm barely misses you.
You hit the endoplasm.
The endoplasm is almost dead.
The giant cockroach barely misses you. The endoplasm barely misses you.
The giant cockroach bites you but does no damage.
You hit the endoplasm.
You kill the endoplasm!
The giant cockroach closely misses you.
You barely miss the giant cockroach. The giant cockroach barely misses you.
You hit the giant cockroach but do no damage.
The giant cockroach misses you.
You closely miss the giant cockroach. The giant cockroach bites you.
You closely miss the giant cockroach. The giant cockroach closely misses you.
The giant cockroach barely misses you.
You barely miss the giant cockroach.
The giant cockroach bites you but does no damage.
You barely miss the giant cockroach. Your punch misses the giant cockroach.
The giant cockroach bites you but does no damage.
You hit the giant cockroach but do no damage.
The giant cockroach bites you.
You barely miss the giant cockroach. The giant cockroach bites you.
* * * LOW HITPOINT WARNING * * *
You hit the giant cockroach but do no damage.
The giant cockroach bites you but does no damage.
The giant cockroach bites you.
You die...

#........#....#
.$.....##)..###........#
..#..........#.......##.
....#......###.......##
#.....#.#.......##..##
##....#.......##.#...#
#.....#.#.......#....#
#.B..#...##.......##
#.@...........#..##
#............####.....#
.............#.#..#....#
##.#############.#######
# ................
##########...### #...#
#...# #...#


You could see a giant cockroach.

Vanquished Creatures
  An endoplasm (D:1)
  2 jackals (D:1)
3 creatures vanquished.

Notes
Turn   | Place    | Note
-------+----------+-------------------------------------------
     0 | D:1      | cheesebisquit the Gargoyle Earth Elementalist began the
                  | quest for the Orb.
     0 | D:1      | Reached XP level 1. HP: 10/10 MP: 3/3
    76 | D:1      | Slain by a giant cockroach

Illustrated notes

Levels and vault maps discovered:
D:1:      matt_arrival_debris, layout_basic

Action                     || total
---------------------------++-------
  Melee: Unarmed           ||    16
   Cast: Sandblast         ||     3
 Armour: Robe              ||     7
  Dodge: Dodged            ||    17

Table legend: (Time is in decaauts)
 A = Elapsed time spent in this place.
 B = Non-inter-level travel time spent in this place.
 C = Inter-level travel time spent in this place.
 D = Time resting spent in this place.
 E = Time spent auto-exploring this place.
 F = Levels seen in this place.
 G = Mean time per level.
                   A        B        C        D        E       F      G
               +--------+--------+--------+--------+--------+-----+--------+
         Total |     77 |     77 |      0 |      0 |     50 |   1 |   77.0 |
       Dungeon |     77 |     77 |      0 |      0 |     50 |   1 |   77.0 |
               +--------+--------+--------+--------+--------+-----+--------+

Top non-repeatable levels by time:
     D:1: 77 daAuts
